 Dungeon Crawl Stone Soup version 0.20-a0-760-g49f5558 (webtiles) character file.

177 polly the Slasher (level 5, 0/39 HPs)
             Began as a Demonspawn Gladiator on Feb 25, 2017.
             Succumbed to a worker ant's poison
             ... on level 3 of the Dungeon.
             The game lasted 00:03:06 (3255 turns).

polly the Slasher (Demonspawn Gladiator)            Turns: 3255, Time: 00:03:07

Health: 0/39       AC:  4    Str: 16    XL:     5   Next: 31%
Magic:  5/5        EV: 19    Int:  9    God:
Gold:   25         SH:  0    Dex: 19    Spells: 4/4 levels left

rFire    + . .     SeeInvis .   a - +0 long sword
rCold    . . .     Gourm    .   b - +0 leather armour
rNeg     . . .     Faith    .   (no shield)
rPois    .         Spirit   .   c - +0 helmet
rElec    .         Reflect  .   (no cloak)
rCorr    .         Harm     .   (no gloves)
MR       +....                  (no boots)
Stlth    ++++......             (no amulet)
Regen    0.2/turn               (no ring)
MPRegen  0.1/turn               m - ring of protection from fire

@: agile, lethally poisoned (0 -> -6), flying, hasted, very quick
A: talons 2, magic resistance 1, nightstalker 1, screaming 1
a: no special abilities


You were on level 3 of the Dungeon.
You were not hungry.

You visited 1 branch of the dungeon, and saw 3 of its levels.

You collected 25 gold pieces.

Inventory:

Hand Weapons
 a - a +0 long sword (weapon)
Missiles
 d - a throwing net (quivered)
Armour
 b - a +0 leather armour (worn)
 c - a +0 helmet (worn)
Jewellery
 m - a ring of protection from fire (left hand)
Scrolls
 g - a scroll of amnesia {unknown}
 h - a scroll of noise {unknown}
 j - a scroll of immolation {unknown}
 k - a scroll of teleportation {unknown}
 t - a scroll of fog {unknown}
 v - a scroll of remove curse {unknown}
 w - a scroll of identify {unknown}
Potions
 e - a potion of flight
 q - a potion of ambrosia {unknown}
 s - a potion of lignification {unknown}
 u - a potion of might {unknown}
Comestibles
 f - 3 bread rations
 i - a meat ration
 l - 3 fruits
 n - a royal jelly


   Skills:
 + Level 2.5 Fighting
 + Level 4.0 Long Blades
 + Level 2.0 Throwing
 + Level 1.7 Armour
 + Level 3.3 Dodging
 + Level 1.3 Stealth


You had 4 spell levels left.
You didn't know any spells.

Dungeon Overview and Level Annotations

Branches:
Dungeon (3/15)

Altars:
Qazlal


Innate Abilities, Weirdness & Mutations

You have razor-sharp toenails.
You are slightly more attuned to the shadows.
You are resistant to hostile enchantments. (MR+)
You occasionally shout uncontrollably at your foes.


Message History

You feel sick.
The worker ant struggles against the net.
You barely miss the worker ant.
The worker ant is severely wounded.
* * * LOW HITPOINT WARNING * * *
You feel sick.
The worker ant struggles against the net.
You hit the worker ant.
You claw the worker ant, but do no damage.
The worker ant is severely wounded.
* * * LOW HITPOINT WARNING * * *
You feel sick.
The worker ant struggles against the net. x2
The net rips apart, and the worker ant comes free!
It was a potion of agility.
You feel agile all of a sudden.
* * * LOW HITPOINT WARNING * * *
You feel sick. The worker ant closely misses you.
It was a potion of haste.
You feel yourself speed up.
You die...

#.[..# #....# #
#....#.# ...# #
#....#.# #..# #
#....#.# #..# #
#....#.# #..# # #
#.(..#.# #..# .#
######.##.####)a#..###
##...##.....(.[.@......
.'.........####[##..###
##...##.#### #.# .#
#...##.##### #.# #
#...##.....# #..
#...######.# ##. #####
#.# .# ###'## .# #....#


You could see a worker ant.

Vanquished Creatures
  An orc wizard (D:3)
  3 gnolls
  3 adders (D:2)
  3 oozes (D:1)
  2 worms (D:2)
  3 dart slugs
  3 leopard geckos
  3 orcs (D:3)
  2 ball pythons
  5 bats
  2 giant cockroaches
  7 goblins
  5 hobgoblins
  5 jackals
  A quokka (D:2)
  2 frilled lizards
  6 kobolds
  7 rats
63 creatures vanquished.

Notes
Turn   | Place    | Note
-------+----------+-------------------------------------------
     0 | D:1      | polly the Demonspawn Gladiator began the quest for the Orb.
     0 | D:1      | Reached XP level 1. HP: 16/16 MP: 1/1
   153 | D:1      | Reached skill level 3 in Long Blades
   153 | D:1      | Gained mutation: You have sharp toenails. [demonic ancestry]
   153 | D:1      | Reached XP level 2. HP: 5/22 MP: 2/2
   578 | D:1      | Gained mutation: You have razor-sharp toenails. [demonic ancestry]
   578 | D:1      | Reached XP level 3. HP: 21/27 MP: 3/3
  1112 | D:2      | Found a stormy altar of Qazlal.
  1469 | D:2      | Reached XP level 4. HP: 29/33 MP: 4/4
  1669 | D:2      | Reached skill level 1 in Stealth
  1921 | D:2      | Reached skill level 1 in Armour
  2779 | D:3      | Gained mutation: You are slightly more attuned to the shadows. [demonic ancestry]
  2779 | D:3      | Reached XP level 5. HP: 3/39 MP: 5/5
  3095 | D:3      | Reached skill level 4 in Long Blades
  3249 | D:3      | Gained mutation: You occasionally shout uncontrollably at your foes. [potion of mutation]
  3249 | D:3      | Gained mutation: You are resistant to hostile enchantments. (MR+) [potion of mutation]
  3253 | D:3      | HP: 1/39 [poisoned by a worker ant]
  3255 | D:3      | Succumbed to a worker ant's poison

Vault maps used:
D:1:      moated_graveyard_arrival, minmay_pentomino_p2
D:2:      nicolae_qazlal_eye_of_the_storm, first_bread
D:3:      small_statue_alley_b

Skill      XL: |  1  2  3  4  5 |
---------------+----------------+-----
Long Blades    | 3 4 |  4.0
Dodging        | 3 |  3.3
Throwing       | 2 |  2.0
Stealth        | 1 |  1.3
Armour         | 1 |  1.7
Fighting       | |  2.5

Action                   |  1- 3 |  4- 6 || total
-------------------------+-------+-------++-------
Melee: Long sword        |    88 |    93 ||   181
       Kick              |    23 |    32 ||    55
Throw: Throwing net      |     1 |     5 ||     6
  Use: Potion            |     1 |     4 ||     5
 Stab: Sleeping          |     2 |     1 ||     3
       Held in net/web   |     2 |     1 ||     3
  Eat: Chunk             |     1 |     7 ||     8
Armor: Leather armour    |    24 |    17 ||    41
Dodge: Dodged            |    65 |    78 ||   143
       Rpst.: Long sword |    25 |    23 ||    48
